 Dungeon Crawl Stone Soup version 0.29.1-1-gd02db6906a (webtiles) character file.

Game seed: 8092699105210145564

2223 warriortoast the Thaumaturge (level 9, -5/45 HPs)
             Began as a Deep Elf Conjurer on Oct 5, 2022.
             Was a Follower of Vehumet.
             Shot with an arrow by a centaur (10 damage)
             ... on level 6 of the Dungeon.
             The game lasted 00:22:00 (10170 turns).

warriortoast the Thaumaturge (Deep Elf Conjurer)   Turns: 10170, Time: 00:22:01

Health: -5/45      AC:  2    Str:  4    XL:     9   Next: 13%
Magic:  23/24      EV: 13    Int: 28    God:    Vehumet [*.....]
Gold:   211        SH:  0    Dex: 19    Spells: 15/27 levels left

rFire   . . .      SeeInvis .   p - +0 dagger (venom)
rCold   . . .      Faith    .   (no shield)
rNeg    . . .      Spirit   .   a - +0 robe
rPois   .          Reflect  .   (no helmet)
rElec   .          Harm     .   (no cloak)
rCorr   .          Rampage  .   (no gloves)
Will    .....                   (no boots)
Stlth   +++.......              (no amulet)
HPRegen 0.15/turn               r - +6 ring of dexterity
MPRegen 0.19/turn               (no ring)

@: no status effects
A: no striking features
a: Renounce Religion


You were on level 6 of the Dungeon.
You worshipped Vehumet.
Vehumet was aware of your devotion.
You visited 1 branch of the dungeon, and saw 6 of its levels.

You collected 275 gold pieces.
You spent 64 gold pieces at shops.

Inventory:

Hand Weapons
 p - a +0 dagger of venom (weapon)
Missiles
 D - 2 boomerangs
Armour
 a - a +0 robe (worn)
 g - a +0 leather armour of willpower
 k - a +0 pair of gloves
Jewellery
 o - a ring of ice
 r - a +6 ring of dexterity (left hand)
 v - a +4 ring of protection
 w - a ring of fire
 y - an amulet of regeneration
Scrolls
 c - a scroll of amnesia {unknown}
 e - 2 scrolls of poison {unknown}
 f - 4 scrolls of enchant weapon {unknown}
 h - a scroll of noise {unknown}
 i - 2 scrolls of immolation {unknown}
 j - 2 scrolls of blinking {unknown}
 l - a scroll of torment {unknown}
 n - 2 scrolls of teleportation {unknown}
 s - 2 scrolls of magic mapping {unknown}
 u - a scroll of enchant armour {unknown}
 B - a scroll of silence {unknown}
 C - a scroll of identify
Potions
 b - a potion of magic
 d - 3 potions of might
 m - 2 potions of lignification
 q - a potion of curing
 t - a potion of attraction
 x - a potion of brilliance {unknown}
 z - a potion of haste {unknown}
 A - a potion of degeneration {unknown}


   Skills:
 - Level 3.2 Dodging
 - Level 3.3 Stealth
 + Level 9.8 Spellcasting
 + Level 9.0 Conjurations
 + Level 8.0 Hexes


You had 15 spell levels left.
You knew the following spells:

 Your Spells              Type           Power      Damage    Failure   Level
a - Magic Dart            Conj           100%       1d8       1%          1
b - Dazzling Flash        Conj/Hex       100%       N/A       1%          3
c - Fulminant Prism       Conj/Hex       28%        3d14      1%          4
d - Iskenderun's Mystic   Conj/Tloc      39%        2d9       6%          4

Your spell library contained the following spells:

 Spells                   Type           Power      Damage    Failure   Level
 Freeze                   Ice            52%        1d7       4%          1
 Ensorcelled Hibernation  Hex/Ice        72%        N/A       1%          2
 Searing Ray              Conj           100%       2d8       1%          2
 Portal Projectile        Hex/Tloc       72%        N/A       2%          3
 Anguish                  Hex/Necr       18%        N/A       8%          4
 Leda's Liquefaction      Hex/Erth       18%        N/A       8%          4
 Call Canine Familiar     Summ           13%        N/A       12%         3
 Spider Form              Tmut/Pois      13%        N/A       12%         3


Dungeon Overview and Level Annotations

Branches:
Dungeon (6/15)
 Temple: D:4-7

Altars:
Cheibriados
Elyvilon
Fedhas
Kikubaaqudgha
Sif Muna
Uskayaw
Vehumet
Wu Jian
Zin
The Shining One

Shops:
D:4 *


Message History

Croobank's ghost is severely damaged.
The bat closely misses you.
Your fulminant prism explodes!
The blast of energy engulfs the river rat!!
You kill the river rat!
The river rat's corpse disappears in a puff of smoke!
The blast of energy engulfs croobank's ghost!!!
You destroy croobank's ghost!
Vehumet accepts your kill.
The bat disappears in a puff of smoke!
You hear a shout!
Your Conjurations skill increases to level 9!
Your Hexes skill increases to level 8!
You start resting.
HP restored.
You start resting.
Magic restored.
There is a large open translucent door here.
There is a dry fountain here.
There is a large open translucent door here.
A centaur comes into view. It is wielding a +0 quarterstaff.
The centaur moves out of view.
A centaur is nearby!
The magic dart hits the centaur but does no damage.
The centaur shouts!
The centaur unwields a +0 quarterstaff.
The centaur wields a +0 shortbow.
The centaur shoots an arrow.
The arrow hits you!
The magic dart hits the centaur.
The centaur is moderately wounded.
The centaur shoots an arrow.
The arrow hits you.
The centaur shoots an arrow.
The arrow hits you!
* * * LOW HITPOINT WARNING * * *
You are too injured to fight recklessly!
You are too injured to fight recklessly!
You are too injured to fight recklessly!
The centaur shoots an arrow.
The arrow hits you.
* * * LOW HITPOINT WARNING * * *
The centaur shoots an arrow.
The arrow barely misses you.
The centaur shoots an arrow.
The arrow hits you!
You die...

########### ....[.....#
##################
#########.######................#
# #..........##############.# #
#.#.############# ##.# ##
###.#c#######.....########... .##
#...................)......#.
..###.#.#.......@...#.########...
..........#######.#.#.# ##.#
.)........# #.....# #.#
..).....### ###.### #.# )########
#.####### #.# .# #.#.....### #.#
.# #.........# #.# .# ####......#
#.# .# ####''### #<#


You could see a centaur.

Vanquished Creatures
  The ghost of croobank the Sneak, a novice OpSu (D:6)
  Grinder (D:5)
  A sky beast (D:6)
  A centaur (D:5)
  5 ogres
  A gnoll sergeant (D:4)
  A bullfrog (D:6)
  A kobold brigand (D:6)
  4 necrophages (D:5)
  A centaur zombie (D:5)
  2 hounds
  A gnoll bouda (D:4)
  2 orc priests
  4 iguanas
  4 orc wizards
  A hound zombie (D:5)
  14 gnolls
  9 adders
  2 shadow imps
  2 white imps
  3 worms (D:3)
  2 dart slugs
  16 orcs
  5 bats
  7 endoplasms
  7 giant cockroaches
  13 goblins
  2 hobgoblins
  4 jackals
  5 quokkas
  6 ball pythons
  7 frilled lizards
  8 kobolds
  4 rats
147 creatures vanquished.

Vanquished Creatures (others)
  7 bushes (D:5)
  22 fulminant prisms
  50 plants
79 creatures vanquished.

Grand Total: 226 creatures vanquished

Notes
Turn   | Place    | Note
-------+----------+-------------------------------------------
     0 | D:1      | warriortoast the Deep Elf Conjurer began the quest for the
                  | Orb.
     0 | D:1      | Reached XP level 1. HP: 10/10 MP: 6/6
   227 | D:1      | Reached XP level 2. HP: 15/15 MP: 5/8
   864 | D:2      | You fall into a shaft and drop 1 floor!
   896 | D:3      | Reached XP level 3. HP: 19/19 MP: 6/10
   967 | D:3      | Found an ancient bone altar of Kikubaaqudgha.
  1614 | D:2      | Found a faded altar of an unknown god.
  2041 | D:3      | Reached skill level 5 in Conjurations
  2041 | D:3      | Reached XP level 4. HP: 9/24 MP: 2/12
  2474 | D:3      | Reached XP level 5. HP: 28/28 MP: 7/14
  2937 | D:3      | Reached skill level 5 in Spellcasting
  3381 | D:4      | Found a hide-covered altar of Uskayaw.
  3672 | D:4      | Noticed an ogre
  3871 | D:4      | Found a radiant altar of Vehumet.
  3880 | D:4      | Became a worshipper of Vehumet
  3885 | D:4      | Learned a level 3 spell: Dazzling Flash
  3890 | D:4      | Learned a level 4 spell: Fulminant Prism
  3903 | D:4      | Found a glowing golden altar of the Shining One.
  3908 | D:4      | Found a white marble altar of Elyvilon.
  3909 | D:4      | Found a glowing silver altar of Zin.
  4027 | D:4      | Reached skill level 1 in Hexes
  4296 | D:4      | Reached XP level 6. HP: 32/32 MP: 9/16
  4416 | D:4      | Found Reqockus's Assorted Antiques.
  4425 | D:4      | Bought a fizzy inky potion for 15 gold pieces
  4425 | D:4      | Bought a scroll labelled POSISU AWAN for 17 gold pieces
  4425 | D:4      | Bought an emerald potion for 15 gold pieces
  4425 | D:4      | Bought a scroll labelled AGHAUKHL CYGUSA for 17 gold pieces
  5627 | D:5      | Entered Level 5 of the Dungeon
  6052 | D:5      | Reached XP level 7. HP: 36/36 MP: 9/18
  6891 | D:5      | Found a blossoming altar of Fedhas.
  7443 | D:5      | Noticed Grinder
  7470 | D:5      | Paralysed by Grinder for 4 turns
  7476 | D:5      | Killed Grinder
  8081 | D:5      | Reached skill level 5 in Hexes
  8189 | D:5      | Found a faded altar of an unknown god.
  8189 | D:5      | Found a faded altar of an unknown god.
  8196 | D:5      | Found an ornate altar of the Wu Jian Council.
  8198 | D:5      | Found a shimmering blue altar of Sif Muna.
  8200 | D:5      | Found a snail-covered altar of Cheibriados.
  8288 | D:5      | Reached XP level 8. HP: 41/41 MP: 15/21
  8297 | D:5      | Reached * piety under Vehumet
  8297 | D:5      | Offered knowledge of Freeze by Vehumet.
  8481 | D:5      | HP: 1/39 [spore (26)]
  9638 | D:6      | Learned a level 4 spell: Iskenderun's Mystic Blast
 10025 | D:6      | Reached XP level 9. HP: 45/45 MP: 19/24
 10063 | D:6      | Found a large runed translucent door.
 10063 | D:6      | Found a large runed translucent door.
 10066 | D:6      | Noticed croobank's ghost (novice OpSu)
 10077 | D:6      | Killed croobank's ghost
 10170 | D:6      | Shot with an arrow by a centaur

Illustrated notes

Levels and vault maps discovered:
D:1:      ncdulo_watergridlock, layout_rooms
D:2:      layout_basic, hellmonk_ecumenical_altar_dog_temple
D:3:      layout_loops_ring, mainiacjoe_overflow_tiny_flanked,
          minmay_randomly_rotated_circles
D:4:      layout_basic, good_gods_temple_1,
          nicolae_uskayaw_murder_on_the_dancefloor,
          mainiacjoe_overflow_cross_hatched, serial_shops, shop_fountains,
          nicolae_grassy_gnolls
D:5:      layout_loops_corners, chequers_temple_overflow_minitemple,
          fedhas_altar_decomposition, minivault_19, minmay_ogre_servants,
          uniq_grinder
D:6:      layout_loops_ring, minmay_temple_entry_enclosed_plants,
          ebering_ghost_disaster_area

Skill      XL: |  1  2  3  4  5  6  7  8  9 |
---------------+----------------------------+-----
Stealth        | 3 |  3.3
Dodging        | 3 |  3.2
Spellcasting   | 4 5 6 7 9 |  9.8
Conjurations   | 5 6 7 8 9 |  9.0
Hexes          | 1 3 5 7 8 |  8.0

Action                   |  1- 3 |  4- 6 |  7- 9 || total
-------------------------+-------+-------+-------++-------
Melee: Dagger            |       |     5 |     2 ||     7
 Cast: Magic Dart        |    93 |   163 |   166 ||   422
       Dazzling Flash    |       |     9 |     3 ||    12
       Fulminant Prism   |       |       |    22 ||    22
  Use: Scroll            |       |     4 |       ||     4
       Potion            |       |     2 |       ||     2
 Stab: Invisible         |       |     2 |       ||     2
Armor: Robe              |       |     1 |     9 ||    10
       Skin              |       |    15 |       ||    15
Dodge: Dodged            |     3 |    10 |    51 ||    64
